Connexion

SEATTLE Kraken vs DALLAS Stars

Created - 20 février 2024 at 06:02

Goals
1 2 3 T
SEATTLE Kraken 1 1 1 3
DALLAS Stars 1 1 0 2
Shots
1 2 3 T
SEATTLE Kraken 8 8 9 25
DALLAS Stars 11 9 11 31

GoalsPenalties
1st period
1. SEATTLE Kraken , Oscar Klefbom 6 (Jason Robertson 38, Rasmus Dahlin 47) at 11:36
2. DALLAS Stars , Ondrej Kase 15 (Reilly Smith 30, Damon Severson 41) at 19:31
Rasmus Dahlin (SEA) for Tripping (Minor) at 12:15
Tyler Bertuzzi (DAL) for Interference (Minor) at 15:40
David Pastrnak (SEA) for Tripping (Minor) at 17:30
2nd period
3. DALLAS Stars , Dylan Cozens 23 (Sebastien Aho 44, Tyler Bertuzzi 26) at 5:46 (PP)
4. SEATTLE Kraken , Alex Ovechkin 26 (David Pastrnak 38, Auston Matthews 52) at 10:48
Mikhail Sergachev (DAL) for High sticking (Minor) at 0:43
Rasmus Dahlin (SEA) for Boarding (Minor) at 4:18
Tomas Hertl (DAL) for Cross-checking (Minor) at 12:26
Gabriel Vilardi (SEA) for Cross-checking (Minor) at 15:03
3rd period
5. SEATTLE Kraken , Gabriel Vilardi 11 (Vincent Hinostroza 36, Alec Martinez 24) at 6:48
David Pastrnak (SEA) for Slashing (Minor) at 7:59
Darnell Nurse (DAL) for Roughing (Minor) at 10:12
Goalie Stats
Spencer Knight (SEA), 29 saves from 31 shots - (0,935), W, 17-8-3, 60:00 minutes
Cam Talbot (DAL), 22 saves from 25 shots - (0,880), L, 5-5-1, 59:00 minutes
3 StarsOfficial
1 - Alex Ovechkin (SEA)
2 - Oscar Klefbom (SEA)
3 - Alec Martinez (SEA)
Referees : Kevin Pollock and Frederick L'Ecuyer
Linesman : Shane Heyer and Lonnie Cameron
Game Note
No Game Note
Finance
Level 1 -- Attendance: 6000 (100,00%) -- Ticket Income $750,000
Level 2 -- Attendance: 5532 (100,00%) -- Ticket Income $414,900
Level 3 -- Attendance: 2000 (100,00%) -- Ticket Income $104,000
Level 4 -- Attendance: 3760 (94,00%) -- Ticket Income $135,360
Luxury Box -- Attendance: 1000 (100,00%) -- Ticket Income $245,000
Game was played at the American Airlines Center.
Total Attendance: 18292 (98,70%)
Total Ticket Income: $1,649,260
Other Income: $329,852
Total Income: $1,979,112



Team Name Goals Shots Shots Attemp Shots Blocked PIM HIT PP PK FO%
SEATTLE Kraken 325491010190 / 4 (0%)140%
DALLAS Stars 2315788201 / 5 (20%)060%

SEATTLE Kraken
Player Name POS G A P +/- PIM HIT SHT SB MP PP MP PP SHT PK MP PK SHT FO% FOT
Alec MartinezD0112001517:100:0005:2600% 0
Alex OvechkinLW1011053020:530:3606:25050% 4
Andrei KuzmenkoLW0000001017:153:5200:3000% 0
Auston MatthewsC0111011018:223:5500:00035% 23
Brock BoeserRW000100109:080:0000:0000% 1
David PastrnakRW0111404018:113:5400:000100% 1
Gabriel VilardiC/RW1011213012:593:5210:0000% 1
Jamie DrysdaleD000-1002117:593:4510:0000% 0
Jani HakanpaaD0002040114:231:5201:0900% 0
Jason RobertsonLW/RW0110011116:363:1900:00050% 2
Joe PavelskiC/LW/RW000000008:500:0002:20056% 9
Oscar KlefbomD1011011124:582:5104:5800% 0
Rasmus DahlinD0111421023:444:0212:2200% 0
Samuel GirardD000-1003121:443:0404:3500% 0
T.J. OshieC/LW/RW000002109:380:0002:5700% 0
Tim StutzleC/LW000000106:500:0000:2000% 0
Vincent HinostrozaC/RW0111011015:060:0005:58053% 17
Wyatt JohnstonC0000010016:453:5200:00026% 19
DALLAS Stars
Player Name POS G A P +/- PIM HIT SHT SB MP PP MP PP SHT PK MP PK SHT FO% FOT
Damon SeversonD011-2004125:476:0133:0000% 0
Darnell NurseD000-1223120:213:1423:4500% 0
Dylan CozensC101-2033023:265:0824:42065% 34
Gustav LindstromD0001010114:420:0001:5300% 0
John CarlsonD0000013120:293:1414:4700% 0
Mikhail SergachevD000-2210124:556:0102:0900% 0
Morgan FrostC0000010111:450:0000:00038% 13
Neal PionkD0000000113:440:0000:0000% 0
Ondrej KaseLW/RW1010024113:100:0001:2500% 1
Peyton KrebsC/LW000000004:440:0000:000100% 2
Rasmus KupariC/LW/RW000001004:440:0000:00075% 4
Reilly SmithLW/RW0110015019:584:0732:580100% 2
Rem PitlickC/LW/RW000000104:440:0000:0000% 0
Sebastien AhoC/LW/RW011-2022021:335:0812:5800% 2
Tomas HertlC/LW0000211016:594:0710:00063% 16
Tyler BertuzziLW/RW011-2213021:095:0813:09050% 2
Tyson JostC/LW0000021012:220:0000:0300% 0
William KarlssonC/LW0000011017:284:0700:190100% 1



Play-by-Play

1st period


0:01 of 1st period - Dylan Cozens wins face-off versus Auston Matthews in neutral zone.
0:01 of 1st period - Dylan Cozens is hit by Alex Ovechkin.
0:13 of 1st period - Shot by David Pastrnak.
0:13 of 1st period - Stopped by Cam Talbot without a rebound.
0:14 of 1st period - Wyatt Johnston wins face-off versus Tomas Hertl in DALLAS Stars zone.
0:35 of 1st period - Shot by Reilly Smith.
0:35 of 1st period - Stopped by Spencer Knight without a rebound.
0:36 of 1st period - Vincent Hinostroza wins face-off versus Morgan Frost in SEATTLE Kraken zone.
0:36 of 1st period - Gabriel Vilardi is hit by Ondrej Kase and loses puck.
0:44 of 1st period - Morgan Frost is hit by Jani Hakanpaa and loses puck.
0:51 of 1st period - Shot by Ondrej Kase.
0:51 of 1st period - Shot Blocked by Jani Hakanpaa.
0:53 of 1st period - Shot by John Carlson.
0:53 of 1st period - Stopped by Spencer Knight without a rebound.
0:54 of 1st period - Dylan Cozens wins face-off versus Auston Matthews in SEATTLE Kraken zone.
0:55 of 1st period - Shot by Tyler Bertuzzi.
0:55 of 1st period - Stopped by Spencer Knight without a rebound.
0:56 of 1st period - Dylan Cozens wins face-off versus Auston Matthews in SEATTLE Kraken zone.
0:59 of 1st period - Shot by Tyler Bertuzzi.
0:59 of 1st period - Stopped by Spencer Knight without a rebound.
1:00 of 1st period - Dylan Cozens wins face-off versus Auston Matthews in SEATTLE Kraken zone.
1:15 of 1st period - Shot by Dylan Cozens.
1:15 of 1st period - Shot Misses the Net.
1:17 of 1st period - Shot by Dylan Cozens.
1:17 of 1st period - Stopped by Spencer Knight without a rebound.
1:18 of 1st period - Rasmus Kupari wins face-off versus Wyatt Johnston in SEATTLE Kraken zone.
1:29 of 1st period - Shot by Rem Pitlick.
1:29 of 1st period - Stopped by Spencer Knight without a rebound.
1:30 of 1st period - Tomas Hertl wins face-off versus Vincent Hinostroza in SEATTLE Kraken zone.
1:43 of 1st period - Shot by Brock Boeser.
1:43 of 1st period - Stopped by Cam Talbot without a rebound.
1:44 of 1st period - David Pastrnak wins face-off versus Morgan Frost in DALLAS Stars zone.
1:44 of 1st period - Rasmus Dahlin is hit by John Carlson and loses puck.
1:55 of 1st period - Shot by Auston Matthews.
1:55 of 1st period - Shot Blocked by Gustav Lindstrom.
1:57 of 1st period - Shot by David Pastrnak.
1:57 of 1st period - Shot Misses the Net.
1:59 of 1st period - Shot by Oscar Klefbom.
1:59 of 1st period - Shot Misses the Net.
2:11 of 1st period - Shot by David Pastrnak.
2:11 of 1st period - Stopped by Cam Talbot without a rebound.
2:12 of 1st period - Dylan Cozens wins face-off versus Wyatt Johnston in DALLAS Stars zone.
2:34 of 1st period - Shot by Jason Robertson.
2:34 of 1st period - Shot Misses the Net.
2:37 of 1st period - Icing by Damon Severson.
2:38 of 1st period - Dylan Cozens wins face-off versus Brock Boeser in DALLAS Stars zone.
4:01 of 1st period - Auston Matthews is hit by Darnell Nurse and loses puck.
4:20 of 1st period - Icing by Darnell Nurse.
4:21 of 1st period - Tomas Hertl wins face-off versus Wyatt Johnston in DALLAS Stars zone.
4:21 of 1st period - Tomas Hertl is hit by Jason Robertson.
4:42 of 1st period - Shot by Wyatt Johnston.
4:42 of 1st period - Shot Misses the Net.
4:44 of 1st period - Shot by Alec Martinez.
4:44 of 1st period - Shot Blocked by Ondrej Kase.
5:42 of 1st period - Shot by Damon Severson.
5:42 of 1st period - Stopped by Spencer Knight without a rebound.
5:43 of 1st period - Rasmus Kupari wins face-off versus Auston Matthews in SEATTLE Kraken zone.
5:51 of 1st period - Off-side.
5:52 of 1st period - Dylan Cozens wins face-off versus Auston Matthews in neutral zone.
7:21 of 1st period - Icing by Neal Pionk.
7:22 of 1st period - Vincent Hinostroza wins face-off versus Morgan Frost in DALLAS Stars zone.
7:23 of 1st period - Shot by Gabriel Vilardi.
7:23 of 1st period - Stopped by Cam Talbot with a rebound.
7:38 of 1st period - Ondrej Kase is hit by Vincent Hinostroza.
7:55 of 1st period - Gabriel Vilardi is hit by Gustav Lindstrom and loses puck.
8:20 of 1st period - Shot by John Carlson.
8:20 of 1st period - Stopped by Spencer Knight without a rebound.
8:21 of 1st period - Wyatt Johnston wins face-off versus Dylan Cozens in SEATTLE Kraken zone.
8:21 of 1st period - Wyatt Johnston is hit by Dylan Cozens.
8:46 of 1st period - Dylan Cozens is hit by Rasmus Dahlin and loses puck.
8:59 of 1st period - Shot by Rasmus Dahlin.
8:59 of 1st period - Shot Blocked by Mikhail Sergachev.
9:43 of 1st period - Auston Matthews is hit by William Karlsson and loses puck.
11:20 of 1st period - Icing by Ondrej Kase.
11:21 of 1st period - Morgan Frost wins face-off versus Wyatt Johnston in DALLAS Stars zone.
11:23 of 1st period - Icing by Mikhail Sergachev.
11:24 of 1st period - Morgan Frost wins face-off versus Wyatt Johnston in DALLAS Stars zone.
11:34 of 1st period - Shot by Jason Robertson.
11:34 of 1st period - Shot Misses the Net.
11:36 of 1st period - Shot by Oscar Klefbom.
11:36 of 1st period - Goal by Oscar Klefbom - SEATTLE Kraken : 1 - DALLAS Stars : 0.
11:37 of 1st period - Auston Matthews wins face-off versus Sebastien Aho in neutral zone.
11:45 of 1st period - Icing by John Carlson.
11:46 of 1st period - Dylan Cozens wins face-off versus Auston Matthews in DALLAS Stars zone.
11:46 of 1st period - Dylan Cozens is hit by Alex Ovechkin.
11:51 of 1st period - Sebastien Aho is hit by Oscar Klefbom and loses puck.
12:15 of 1st period - Minor Penalty to Rasmus Dahlin for Tripping.
12:16 of 1st period - Vincent Hinostroza wins face-off versus Tomas Hertl in SEATTLE Kraken zone.
12:16 of 1st period - Vincent Hinostroza is hit by Tomas Hertl.
12:49 of 1st period - Shot by Mikhail Sergachev.
12:49 of 1st period - Deflect By Tomas Hertl.
12:49 of 1st period - Stopped by Spencer Knight with a rebound.
12:51 of 1st period - Shot by Tomas Hertl.
12:51 of 1st period - Shot Blocked by Samuel Girard.
12:53 of 1st period - Shot by William Karlsson.
12:53 of 1st period - Shot Misses the Net.
12:55 of 1st period - Shot by Reilly Smith.
12:55 of 1st period - Shot Blocked by Alec Martinez.
13:33 of 1st period - Shot by Darnell Nurse.
13:33 of 1st period - Shot Blocked by Oscar Klefbom.
14:15 of 1st period - Samuel Girard is hit by Morgan Frost and loses puck.
14:32 of 1st period - Shot by Wyatt Johnston.
14:32 of 1st period - Shot Misses the Net.
14:34 of 1st period - Shot by Jason Robertson.
14:34 of 1st period - Shot Misses the Net.
14:36 of 1st period - Shot by Alec Martinez.
14:36 of 1st period - Stopped by Cam Talbot without a rebound.
14:37 of 1st period - Joe Pavelski wins face-off versus Rasmus Kupari in DALLAS Stars zone.
14:40 of 1st period - Shot by Samuel Girard.
14:40 of 1st period - Stopped by Cam Talbot without a rebound.
14:41 of 1st period - Peyton Krebs wins face-off versus Joe Pavelski in DALLAS Stars zone.
14:49 of 1st period - Shot by Rasmus Kupari.
14:49 of 1st period - Shot Misses the Net.
15:30 of 1st period - Rasmus Dahlin is hit by Rasmus Kupari and loses puck.
15:40 of 1st period - Minor Penalty to Tyler Bertuzzi for Interference.
15:41 of 1st period - Dylan Cozens wins face-off versus Auston Matthews in DALLAS Stars zone.
16:06 of 1st period - Shot by Jamie Drysdale.
16:06 of 1st period - Shot Misses the Net.
16:24 of 1st period - Shot by Ondrej Kase.
16:24 of 1st period - Shot Blocked by Jamie Drysdale.
16:43 of 1st period - Icing by Andrei Kuzmenko.
16:44 of 1st period - Dylan Cozens wins face-off versus Wyatt Johnston in SEATTLE Kraken zone.
16:55 of 1st period - William Karlsson is hit by Wyatt Johnston.
17:30 of 1st period - Minor Penalty to David Pastrnak for Tripping.
17:31 of 1st period - Auston Matthews wins face-off versus Dylan Cozens in SEATTLE Kraken zone.
17:36 of 1st period - Shot by Jamie Drysdale.
17:36 of 1st period - Stopped by Cam Talbot with a rebound.
17:54 of 1st period - Shot by Reilly Smith.
17:54 of 1st period - Shot Misses the Net.
17:58 of 1st period - Shot by Reilly Smith.
17:58 of 1st period - Stopped by Spencer Knight without a rebound.
17:59 of 1st period - Dylan Cozens wins face-off versus Vincent Hinostroza in SEATTLE Kraken zone.
19:31 of 1st period - Shot by Ondrej Kase.
19:31 of 1st period - Goal by Ondrej Kase - SEATTLE Kraken : 1 - DALLAS Stars : 1.
19:32 of 1st period - Wyatt Johnston wins face-off versus Morgan Frost in neutral zone.
19:55 of 1st period - Icing by Tyson Jost.
19:56 of 1st period - Morgan Frost wins face-off versus Joe Pavelski in DALLAS Stars zone.
19:56 of 1st period - Morgan Frost is hit by T.J. Oshie.
Goals for this period are 1 for SEATTLE Kraken vs 1 for DALLAS Stars .
Shots for this period are 8 for SEATTLE Kraken vs 11 for DALLAS Stars .

2nd period


0:01 of 2nd period - Auston Matthews wins face-off versus Dylan Cozens in neutral zone.
0:40 of 2nd period - Shot by David Pastrnak.
0:40 of 2nd period - Stopped by Cam Talbot with a rebound.
0:43 of 2nd period - Minor Penalty to Mikhail Sergachev for High sticking.
0:44 of 2nd period - Dylan Cozens wins face-off versus Wyatt Johnston in DALLAS Stars zone.
1:17 of 2nd period - Shot by Rasmus Dahlin.
1:17 of 2nd period - Stopped by Cam Talbot with a rebound.
1:58 of 2nd period - Shot by Jason Robertson.
1:58 of 2nd period - Shot Blocked by Damon Severson.
2:00 of 2nd period - Shot by Jamie Drysdale.
2:00 of 2nd period - Shot Misses the Net.
2:25 of 2nd period - Shot by Rasmus Dahlin.
2:25 of 2nd period - Shot Misses the Net.
2:31 of 2nd period - Shot by Gabriel Vilardi.
2:31 of 2nd period - Stopped by Cam Talbot without a rebound.
2:32 of 2nd period - Auston Matthews wins face-off versus Dylan Cozens in DALLAS Stars zone.
2:41 of 2nd period - Shot by Jason Robertson.
2:41 of 2nd period - Shot Misses the Net.
2:43 of 2nd period - Shot by Jason Robertson.
2:43 of 2nd period - Stopped by Cam Talbot with a rebound.
2:58 of 2nd period - Shot by Joe Pavelski.
2:58 of 2nd period - Shot Blocked by Morgan Frost.
3:02 of 2nd period - Shot by Joe Pavelski.
3:02 of 2nd period - Deflect By T.J. Oshie.
3:02 of 2nd period - Shot Misses the Net.
3:44 of 2nd period - Rasmus Dahlin is hit by Tyson Jost and loses puck.
4:18 of 2nd period - Minor Penalty to Rasmus Dahlin for Boarding.
4:19 of 2nd period - Dylan Cozens wins face-off versus Vincent Hinostroza in SEATTLE Kraken zone.
4:36 of 2nd period - Shot by Tyler Bertuzzi.
4:36 of 2nd period - Stopped by Spencer Knight without a rebound.
4:37 of 2nd period - Alex Ovechkin wins face-off versus Tomas Hertl in SEATTLE Kraken zone.
5:12 of 2nd period - Shot by Mikhail Sergachev.
5:12 of 2nd period - Shot Misses the Net.
5:40 of 2nd period - Shot by John Carlson.
5:40 of 2nd period - Stopped by Spencer Knight with a rebound.
5:42 of 2nd period - Shot by Tyler Bertuzzi.
5:42 of 2nd period - Shot Misses the Net.
5:44 of 2nd period - Shot by Sebastien Aho.
5:44 of 2nd period - Deflect By Dylan Cozens.
5:44 of 2nd period - Stopped by Spencer Knight with a rebound.
5:46 of 2nd period - Shot by Sebastien Aho.
5:46 of 2nd period - Deflect By Dylan Cozens.
5:46 of 2nd period - Goal by Dylan Cozens - SEATTLE Kraken : 1 - DALLAS Stars : 2.
5:47 of 2nd period - Wyatt Johnston wins face-off versus Morgan Frost in neutral zone.
6:06 of 2nd period - Andrei Kuzmenko is hit by Ondrej Kase and loses puck.
6:25 of 2nd period - Rasmus Dahlin is hit by Tyson Jost and loses puck.
7:19 of 2nd period - Shot by Vincent Hinostroza.
7:19 of 2nd period - Stopped by Cam Talbot with a rebound.
7:21 of 2nd period - Shot by Samuel Girard.
7:21 of 2nd period - Stopped by Cam Talbot without a rebound.
7:22 of 2nd period - Reilly Smith wins face-off versus Auston Matthews in DALLAS Stars zone.
7:55 of 2nd period - Shot by Auston Matthews.
7:55 of 2nd period - Shot Misses the Net.
8:19 of 2nd period - Shot by Rem Pitlick.
8:19 of 2nd period - Shot Misses the Net.
9:02 of 2nd period - Icing by Samuel Girard.
9:03 of 2nd period - Vincent Hinostroza wins face-off versus Sebastien Aho in SEATTLE Kraken zone.
9:27 of 2nd period - Icing by Jamie Drysdale.
9:28 of 2nd period - Vincent Hinostroza wins face-off versus Tomas Hertl in SEATTLE Kraken zone.
10:48 of 2nd period - Shot by Alex Ovechkin.
10:48 of 2nd period - Goal by Alex Ovechkin - SEATTLE Kraken : 2 - DALLAS Stars : 2.
10:49 of 2nd period - Joe Pavelski wins face-off versus Morgan Frost in neutral zone.
10:59 of 2nd period - Icing by Morgan Frost.
11:00 of 2nd period - Auston Matthews wins face-off versus Morgan Frost in DALLAS Stars zone.
11:08 of 2nd period - Off-side.
11:09 of 2nd period - Tyler Bertuzzi wins face-off versus Auston Matthews in neutral zone.
11:26 of 2nd period - Shot by Sebastien Aho.
11:26 of 2nd period - Stopped by Spencer Knight without a rebound.
11:27 of 2nd period - Tomas Hertl wins face-off versus Wyatt Johnston in SEATTLE Kraken zone.
12:26 of 2nd period - Minor Penalty to Tomas Hertl for Cross-checking.
12:27 of 2nd period - Dylan Cozens wins face-off versus Auston Matthews in DALLAS Stars zone.
13:49 of 2nd period - Rasmus Dahlin is hit by Sebastien Aho and loses puck.
13:58 of 2nd period - Reilly Smith is hit by Alex Ovechkin.
14:19 of 2nd period - Off-side.
14:20 of 2nd period - Wyatt Johnston wins face-off versus Dylan Cozens in neutral zone.
14:41 of 2nd period - Shot by T.J. Oshie.
14:41 of 2nd period - Stopped by Cam Talbot without a rebound.
14:42 of 2nd period - Peyton Krebs wins face-off versus Vincent Hinostroza in DALLAS Stars zone.
14:42 of 2nd period - Neal Pionk is hit by Gabriel Vilardi and loses puck.
15:03 of 2nd period - Minor Penalty to Gabriel Vilardi for Cross-checking.
15:04 of 2nd period - Dylan Cozens wins face-off versus Vincent Hinostroza in SEATTLE Kraken zone.
15:37 of 2nd period - Shot by Damon Severson.
15:37 of 2nd period - Stopped by Spencer Knight without a rebound.
15:38 of 2nd period - Tomas Hertl wins face-off versus Joe Pavelski in SEATTLE Kraken zone.
15:39 of 2nd period - Shot by William Karlsson.
15:39 of 2nd period - Shot Blocked by Alec Martinez.
15:53 of 2nd period - Shot by Reilly Smith.
15:53 of 2nd period - Shot Misses the Net.
15:55 of 2nd period - Shot by John Carlson.
15:55 of 2nd period - Shot Blocked by Alec Martinez.
15:57 of 2nd period - Shot by Darnell Nurse.
15:57 of 2nd period - Deflect By Reilly Smith.
15:57 of 2nd period - Stopped by Spencer Knight with a rebound.
15:59 of 2nd period - Shot by Tomas Hertl.
15:59 of 2nd period - Shot Misses the Net.
16:01 of 2nd period - Shot by Darnell Nurse.
16:01 of 2nd period - Stopped by Spencer Knight without a rebound.
16:02 of 2nd period - Joe Pavelski wins face-off versus Dylan Cozens in SEATTLE Kraken zone.
16:35 of 2nd period - Shot by Dylan Cozens.
16:35 of 2nd period - Shot Misses the Net.
18:21 of 2nd period - Icing by Ondrej Kase.
18:22 of 2nd period - Auston Matthews wins face-off versus Morgan Frost in DALLAS Stars zone.
19:18 of 2nd period - Icing by Damon Severson.
19:19 of 2nd period - Dylan Cozens wins face-off versus Gabriel Vilardi in DALLAS Stars zone.
19:56 of 2nd period - Shot by Reilly Smith.
19:56 of 2nd period - Stopped by Spencer Knight with a rebound.
19:58 of 2nd period - Shot by Tomas Hertl.
19:58 of 2nd period - Shot Blocked by Alec Martinez.
Goals for this period are 1 for SEATTLE Kraken vs 1 for DALLAS Stars .
Shots for this period are 8 for SEATTLE Kraken vs 9 for DALLAS Stars .

3rd period


0:01 of 3rd period - Auston Matthews wins face-off versus Dylan Cozens in neutral zone.
0:01 of 3rd period - Auston Matthews is hit by Dylan Cozens.
0:07 of 3rd period - Damon Severson is hit by Alex Ovechkin and loses puck.
0:20 of 3rd period - David Pastrnak is hit by Sebastien Aho and loses puck.
0:26 of 3rd period - David Pastrnak is hit by Tyler Bertuzzi.
0:40 of 3rd period - Shot by Alex Ovechkin.
0:40 of 3rd period - Stopped by Cam Talbot with a rebound.
0:45 of 3rd period - Alex Ovechkin is hit by Mikhail Sergachev and loses puck.
1:25 of 3rd period - Shot by William Karlsson.
1:25 of 3rd period - Stopped by Spencer Knight without a rebound.
1:26 of 3rd period - Morgan Frost wins face-off versus Vincent Hinostroza in SEATTLE Kraken zone.
1:45 of 3rd period - Shot by Alec Martinez.
1:45 of 3rd period - Shot Misses the Net.
2:00 of 3rd period - John Carlson is hit by Jani Hakanpaa and loses puck.
2:03 of 3rd period - Shot by Ondrej Kase.
2:03 of 3rd period - Shot Misses the Net.
2:05 of 3rd period - Shot by Ondrej Kase.
2:05 of 3rd period - Stopped by Spencer Knight with a rebound.
2:07 of 3rd period - Shot by Ondrej Kase.
2:07 of 3rd period - Stopped by Spencer Knight without a rebound.
2:08 of 3rd period - Tomas Hertl wins face-off versus Auston Matthews in SEATTLE Kraken zone.
2:35 of 3rd period - Shot by Auston Matthews.
2:35 of 3rd period - Shot Blocked by Neal Pionk.
3:52 of 3rd period - Icing by Tyler Bertuzzi.
3:53 of 3rd period - Vincent Hinostroza wins face-off versus Dylan Cozens in DALLAS Stars zone.
4:31 of 3rd period - Shot by Ondrej Kase.
4:31 of 3rd period - Shot Misses the Net.
4:33 of 3rd period - Shot by Darnell Nurse.
4:33 of 3rd period - Stopped by Spencer Knight with a rebound.
4:35 of 3rd period - Shot by Tyson Jost.
4:35 of 3rd period - Shot Misses the Net.
4:38 of 3rd period - Ondrej Kase is hit by Jani Hakanpaa and loses puck.
4:43 of 3rd period - Shot by Tyson Jost.
4:43 of 3rd period - Stopped by Spencer Knight with a rebound.
4:45 of 3rd period - Shot by Morgan Frost.
4:45 of 3rd period - Shot Misses the Net.
4:47 of 3rd period - Shot by Morgan Frost.
4:47 of 3rd period - Shot Misses the Net.
4:49 of 3rd period - Shot by Ondrej Kase.
4:49 of 3rd period - Stopped by Spencer Knight without a rebound.
4:50 of 3rd period - William Karlsson wins face-off versus Wyatt Johnston in SEATTLE Kraken zone.
5:04 of 3rd period - Shot by Andrei Kuzmenko.
5:04 of 3rd period - Stopped by Cam Talbot with a rebound.
5:44 of 3rd period - Samuel Girard is hit by Reilly Smith and loses puck.
6:30 of 3rd period - Off-side.
6:31 of 3rd period - Dylan Cozens wins face-off versus Vincent Hinostroza in neutral zone.
6:48 of 3rd period - Shot by Gabriel Vilardi.
6:48 of 3rd period - Goal by Gabriel Vilardi - SEATTLE Kraken : 3 - DALLAS Stars : 2.
6:49 of 3rd period - Morgan Frost wins face-off versus Joe Pavelski in neutral zone.
7:48 of 3rd period - Alex Ovechkin is hit by Darnell Nurse.
7:56 of 3rd period - Ondrej Kase is hit by Alex Ovechkin.
7:59 of 3rd period - Minor Penalty to David Pastrnak for Slashing.
8:00 of 3rd period - Vincent Hinostroza wins face-off versus Tyler Bertuzzi in SEATTLE Kraken zone.
8:37 of 3rd period - Shot by Sebastien Aho.
8:37 of 3rd period - Stopped by Spencer Knight without a rebound.
8:38 of 3rd period - Joe Pavelski wins face-off versus Tomas Hertl in SEATTLE Kraken zone.
8:44 of 3rd period - Icing by William Karlsson.
8:45 of 3rd period - Tomas Hertl wins face-off versus Vincent Hinostroza in DALLAS Stars zone.
8:52 of 3rd period - Shot by Darnell Nurse.
8:52 of 3rd period - Stopped by Spencer Knight without a rebound.
8:53 of 3rd period - Dylan Cozens wins face-off versus Alex Ovechkin in SEATTLE Kraken zone.
8:54 of 3rd period - Shot by Damon Severson.
8:54 of 3rd period - Shot Blocked by Alec Martinez.
8:56 of 3rd period - Shot by Damon Severson.
8:56 of 3rd period - Stopped by Spencer Knight without a rebound.
8:57 of 3rd period - Vincent Hinostroza wins face-off versus Dylan Cozens in SEATTLE Kraken zone.
9:27 of 3rd period - Shot by Damon Severson.
9:27 of 3rd period - Stopped by Spencer Knight without a rebound.
9:28 of 3rd period - Joe Pavelski wins face-off versus Tomas Hertl in SEATTLE Kraken zone.
9:43 of 3rd period - Shot by Reilly Smith.
9:43 of 3rd period - Stopped by Spencer Knight without a rebound.
9:44 of 3rd period - Vincent Hinostroza wins face-off versus Dylan Cozens in SEATTLE Kraken zone.
10:03 of 3rd period - Icing by Reilly Smith.
10:04 of 3rd period - Tomas Hertl wins face-off versus Wyatt Johnston in DALLAS Stars zone.
10:12 of 3rd period - Minor Penalty to Darnell Nurse for Roughing.
10:13 of 3rd period - Jason Robertson wins face-off versus Dylan Cozens in DALLAS Stars zone.
10:36 of 3rd period - Shot by Dylan Cozens.
10:36 of 3rd period - Shot Blocked by Jason Robertson.
11:31 of 3rd period - Shot by Wyatt Johnston.
11:31 of 3rd period - Shot Blocked by John Carlson.
11:33 of 3rd period - Shot by Jamie Drysdale.
11:33 of 3rd period - Stopped by Cam Talbot without a rebound.
11:34 of 3rd period - Dylan Cozens wins face-off versus Wyatt Johnston in DALLAS Stars zone.
12:31 of 3rd period - Shot by Tim Stutzle.
12:31 of 3rd period - Stopped by Cam Talbot without a rebound.
12:32 of 3rd period - Tomas Hertl wins face-off versus Auston Matthews in DALLAS Stars zone.
12:34 of 3rd period - Icing by Damon Severson.
12:35 of 3rd period - Tomas Hertl wins face-off versus Auston Matthews in DALLAS Stars zone.
12:42 of 3rd period - William Karlsson is hit by Auston Matthews and loses puck.
12:55 of 3rd period - Shot by William Karlsson.
12:55 of 3rd period - Shot Misses the Net.
13:08 of 3rd period - Icing by Damon Severson.
13:09 of 3rd period - Reilly Smith wins face-off versus Wyatt Johnston in DALLAS Stars zone.
14:45 of 3rd period - Samuel Girard is hit by Dylan Cozens and loses puck.
15:00 of 3rd period - Shot by Auston Matthews.
15:00 of 3rd period - Shot Blocked by Darnell Nurse.
15:46 of 3rd period - Gustav Lindstrom is hit by Jani Hakanpaa and loses puck.
16:59 of 3rd period - Damon Severson is hit by T.J. Oshie and loses puck.
17:32 of 3rd period - Shot by David Pastrnak.
17:32 of 3rd period - Shot Misses the Net.
17:34 of 3rd period - Shot by Alex Ovechkin.
17:34 of 3rd period - Stopped by Cam Talbot without a rebound.
17:35 of 3rd period - Rasmus Kupari wins face-off versus Wyatt Johnston in DALLAS Stars zone.
17:54 of 3rd period - Off-side.
17:55 of 3rd period - Auston Matthews wins face-off versus Ondrej Kase in neutral zone.
18:00 of 3rd period - Shot by David Pastrnak.
18:00 of 3rd period - Stopped by Cam Talbot without a rebound.
18:01 of 3rd period - Dylan Cozens wins face-off versus Auston Matthews in DALLAS Stars zone.
18:03 of 3rd period - Icing by Sebastien Aho.
18:04 of 3rd period - Dylan Cozens wins face-off versus Alex Ovechkin in DALLAS Stars zone.
18:06 of 3rd period - Icing by Tyler Bertuzzi.
18:07 of 3rd period - Alex Ovechkin wins face-off versus Dylan Cozens in DALLAS Stars zone.
18:30 of 3rd period - Shot by Auston Matthews.
18:30 of 3rd period - Stopped by Cam Talbot with a rebound.
18:32 of 3rd period - Shot by Alex Ovechkin.
18:32 of 3rd period - Deflect By David Pastrnak.
18:32 of 3rd period - Shot Misses the Net.
18:34 of 3rd period - Shot by Samuel Girard.
18:34 of 3rd period - Stopped by Cam Talbot without a rebound.
18:35 of 3rd period - Tomas Hertl wins face-off versus Wyatt Johnston in DALLAS Stars zone.
19:00 of 3rd period - DALLAS Stars , Cam Talbot is pulled from the net.
19:15 of 3rd period - Reilly Smith is hit by Rasmus Dahlin.
19:44 of 3rd period - Off-side.
19:45 of 3rd period - Dylan Cozens wins face-off versus Jason Robertson in neutral zone.
Goals for this period are 1 for SEATTLE Kraken vs 0 for DALLAS Stars .
Shots for this period are 9 for SEATTLE Kraken vs 11 for DALLAS Stars .